AoeStats
← EeeZee3

Arabian Desert

512943573Analyzed
1v1 RM · 5d ago on Oct 11, 2026· 28m 23s· 2 players
Game mode
Random Map
Map size
Tiny (2 player)
Population
200
Speed
Normal
Resources
Standard
Victory
Conquest
Starting age
Dark Age
Ending age
Imperial Age
RankedLock teamsTeams togetherTeam positionsShared explorationLock speedFull tech treeHidden civsTurbo modeCheats
Victory
Defeat
🇨🇭 Franks · Switzerland
723
+17
vs
🇨🇭 Saxons · Switzerland
738
-17
Yuas
10:41 Feudal Age
11:52 Double-Bit Axe
13:39 Wheelbarrow
16:49 Fletching
23:34 Castle Age
26:01 Husbandry
26:43 Hand Cart
26:14 Loom
28:12 Gold Mining
EeeZee3
0:25 Loom
17:27 Feudal Age
18:09 Double-Bit Axe
18:26 Town Watch
18:34 Horse Collar
22:20 Wheelbarrow
22:31 Gold Mining
22:36 Stone Mining
23:55 Wheelbarrow
23:15 Fletching
26:25 Wheelbarrow
27:59 Castle Age
27:09 Forging
27:00 Scale Mail Armor
26:50 Arson
Connection lost

Rejoining the realm…

Still unreachable

The connection could not be restored.

Session expired

The server has moved on; the page needs a fresh start.